 Dungeon Crawl Stone Soup version 0.29.1-1-gd02db6906a (webtiles) character file.

Game seed: 8768025129445820810

324 Aibolit the Trooper (level 6, 0/56 HPs)
             Began as a Hill Orc Fighter on Oct 8, 2022.
             Slain by a wyvern (6 damage)
             ... on level 4 of the Dungeon.
             The game lasted 00:04:40 (3682 turns).

Aibolit the Trooper (Hill Orc Fighter)              Turns: 3682, Time: 00:04:40

Health: 0/56       AC: 10    Str: 21    XL:     6   Next: 48%
Magic:  6/6        EV:  7    Int:  8    God:
Gold:   176        SH:  4    Dex: 10    Spells: 5/5 levels left

rFire   . . .      SeeInvis .   a - +0 war axe
rCold   . . .      Faith    .   c - +0 buckler
rNeg    . . .      Spirit   .   e - +0 chain mail
rPois   .          Reflect  .   (no helmet)
rElec   .          Harm     .   l - +0 cloak
rCorr   .          Rampage  .   (no gloves)
Will    .....                   (no boots)
Stlth   ..........              (no amulet)
HPRegen 0.18/turn               (no ring)
MPRegen 0.10/turn               (no ring)

@: no status effects
A: no striking features
a: no special abilities


You were on level 4 of the Dungeon.
You visited 1 branch of the dungeon, and saw 4 of its levels.

You collected 176 gold pieces.

Inventory:

Hand Weapons
 a - a +0 war axe (weapon)
Missiles
 i - a throwing net (quivered)
Armour
 c - a +0 buckler (worn)
 e - a +0 chain mail (worn)
 l - a +0 cloak (worn)
Wands
 d - a wand of polymorph (8)
 p - a wand of iceblast (12)
Scrolls
 b - 2 scrolls of fear
 g - 2 scrolls of amnesia
 h - a scroll of identify
 j - a scroll of enchant weapon {unknown}
 k - a scroll of silence {unknown}
 m - 2 scrolls of noise {unknown}
 u - 4 scrolls of immolation
Potions
 f - 2 potions of lignification {unknown}
 n - 2 potions of curing {unknown}
 o - 2 potions of ambrosia {unknown}
 q - a potion of heal wounds {unknown}
 r - a potion of haste {unknown}
 s - a potion of flight {unknown}
 t - a potion of magic {unknown}


   Skills:
 + Level 5.3 Fighting
 + Level 4.8 Axes
 + Level 4.8 Armour
 + Level 4.8 Shields


You had 5 spell levels left.
You didn't know any spells.
Your spell library contained the following spells:

 Spells                   Type           Power      Damage    Failure   Level
 Call Canine Familiar     Summ           0%         N/A       100%        3
 Portal Projectile        Hex/Tloc       0%         N/A       100%        3
 Leda's Liquefaction      Hex/Erth       0%         N/A       100%        4
 Malign Gateway           Summ/Tloc      0%         N/A       100%        7
 Summon Horrible Things   Summ           0%         N/A       100%        8


Dungeon Overview and Level Annotations

Branches:
Dungeon (4/15)
 Temple: D:4-7

Altars:
Ashenzari
Sif Muna


Message History

A giant cockroach comes into view.
The giant cockroach bites you but does no damage.
You slash the giant cockroach!
You kill the giant cockroach!
No target in view!
Found a stone staircase leading up.
A kobold comes into view. It is wielding a +2 whip of pain.
The kobold shouts!
The kobold moves out of view.
n - 2 cyan potions (gained 1)
A kobold is nearby!
Found a scroll of identify.
The kobold barely misses you.
You barely miss the kobold.
The kobold hits you with a +2 whip of pain.
You hit the kobold.
You kill the kobold!
No target in view!
An ogre comes into view. It is wielding a +0 giant club.
The ogre shouts!
You see here a +2 whip of pain.
The ogre hits you with a +0 giant club!!
There is a stone staircase leading up, spattered with blood here.
An ogre is nearby!
You slash the ogre!
The ogre is moderately wounded.
The ogre hits you with a +0 giant club!!
* * * LOW HITPOINT WARNING * * *
You are too injured to fight recklessly!
You are too injured to fight recklessly!
You are too injured to fight recklessly!
You are too injured to fight recklessly!
You are too injured to fight recklessly!
An ogre is nearby!
Unknown command.
Aiming: Polymorph
Press: ? - help, Q - select action, (/) - cycle Shift-Dir - straight line, f - ogre
Aim: an ogre, wielding a +0 giant club (moderately wounded, will become a wyvern, a jelly, or a steam dragon, chance to affect: 49%)
The ogre evaporates and reforms as a wyvern!
The wyvern bites you.
You die...

...#.# ..#.# ... ..#.#
......######.#.#
...........##.#.#
#......###.##.#.#
##......#........#
..............)@##
.##...........##.l......
..............##........
..............##.....?..
..............#####.##.#
.#.......###.## .# #
.#.......# #.# #
.........###.#
....###...##.#


You could see a wyvern.

Vanquished Creatures
  An ogre (D:4)
  An orc priest (D:3)
  An iguana (D:4)
  An orc wizard (D:3)
  6 adders
  3 worms
  A dart slug (D:2)
  13 orcs
  3 ball pythons
  5 endoplasms
  5 giant cockroaches
  3 goblins
  5 hobgoblins
  7 jackals
  3 quokkas
  5 bats
  4 frilled lizards
  6 kobolds
  5 rats
78 creatures vanquished.

Notes
Turn   | Place    | Note
-------+----------+-------------------------------------------
     0 | D:1      | Aibolit the Hill Orc Fighter began the quest for the Orb.
     0 | D:1      | Reached XP level 1. HP: 19/19 MP: 1/1
   206 | D:1      | Reached XP level 2. HP: 22/27 MP: 2/2
   268 | D:1      | Found a faded altar of an unknown god.
   683 | D:1      | Reached skill level 4 in Fighting
   772 | D:1      | Reached XP level 3. HP: 33/33 MP: 3/3
  1089 | D:2      | Found a shimmering blue altar of Sif Muna.
  1522 | D:2      | Reached XP level 4. HP: 37/40 MP: 4/4
  1929 | D:3      | Reached XP level 5. HP: 40/47 MP: 5/5
  1986 | D:3      | Found a broken altar of Ashenzari.
  3260 | D:4      | Reached skill level 5 in Fighting
  3394 | D:4      | Noticed an ogre
  3402 | D:4      | Killed an ogre
  3403 | D:4      | Reached XP level 6. HP: 22/56 MP: 6/6
  3682 | D:4      | Noticed a wyvern
  3682 | D:4      | an ogre changed into a wyvern
  3682 | D:4      | Slain by a wyvern

Illustrated notes

Levels and vault maps discovered:
D:1:      lightli_arrival_boilingwater, layout_basic,
          shapermc_ecumenical_altar_venn
D:2:      layout_basic, basic_altar
D:3:      layout_basic, evilmike_ruin_ashenzari, kennysheep_generic_room_4
D:4:      layout_basic, kennysheep_generic_room_12

Skill      XL: |  1  2  3  4  5 |
---------------+----------------+-----
Axes           | 3 4 |  4.8
Fighting       | 4 5 |  5.3
Armour         | 4 |  4.8
Shields        | 4 |  4.8

Action                   |  1- 3 |  4- 6 || total
-------------------------+-------+-------++-------
Melee: War axe           |   100 |   133 ||   233
Evoke: Wand              |       |     1 ||     1
  Use: Scroll            |       |     3 ||     3
       Potion            |       |     2 ||     2
Armor: Chain mail        |    67 |    78 ||   145
Dodge: Dodged            |    25 |    47 ||    72
Block: Buckler           |    18 |    22 ||    40
